Map: New Repugnancy LE

Players

Mesrob - Winner!

  • Race: Terran Terran
  • League: Platinum
  • Spawn Location: 7:00

kenji

  • Race: Zerg Zerg
  • League: Diamond
  • Spawn Location: 1:00

VOD

Have the link to the VOD?

Description

Time

  • Played on: Feb. 1, 2019, 1:12 p.m.
  • Length: 5:22
Show
View Real Time Build Order
Export as new Build Order

Mesrob Terran - Winner!

Build Orders:  

Get SALT Encoding   

  12  0:00  SCV  
  13  0:13  SCV  
  14  0:17  Supply Depot  
  14  0:25  SCV  
  15  0:39  SCV  
  15  0:41  Barracks  
  16  0:45  Refinery  
  16  0:51  SCV  
  17  1:03  SCV  
  18  1:15  SCV  
  19  1:28  Orbital Command  
  19  1:38  Command Center  
  19  1:41  Marine  
  20  1:58  Bunker  
  20  2:01  SCV  
  21  2:10  Factory  
  21  2:17  SCV  
  21  2:18  Barracks Tech Lab  
  22  2:28  Supply Depot  
  22  2:35  SCV  
  23  2:39  Refinery  
  23  2:50  SCV  
  23  2:51  Supply Depot  
  24  2:53  Supply Depot  
  24  2:57  Engineering Bay  
  24  3:00  Orbital Command  
  24  3:02  SCV  
  25  3:09  Marine  
  26  3:14  SCV  
  27  3:23  Siege Tank  
  27  3:25  Armory  
  30  3:33  Missile Turret  
  30  3:34  Missile Turret  
  30  3:36  SCV  
  30  3:40  Missile Turret  
  31  3:43  SCV  
  32  3:51  SCV  
  32  3:55  Siege Tank  
  36  4:06  Refinery  
  36  4:16  Factory  
  36  4:18  SCV  
  36  4:19  SCV  
  38  4:25  Refinery  
  38  4:30  SCV  
  39  4:31  SCV  
  40  4:44  SCV  
  41  4:56  Command Center, SCV x2  
  49  5:08  SCV  
  50  5:16  Supply Depot  
Show
View Real Time Build Order
Export as new Build Order

kenji Zerg 

Build Orders: Hatch First 

Get SALT Encoding   

  12  0:05  Drone  
  13  0:12  Overlord  
  13  0:18  Drone  
  14  0:31  Drone x2  
  16  0:37  Drone  
  17  0:48  Drone  
  18  0:57  Hatchery  
  18  1:00  Drone  
  18  1:02  Extractor  
  17  1:09  Drone  
  18  1:19  Spawning Pool  
  18  1:21  Drone  
  18  1:31  Drone  
  19  1:41  Drone  
  20  1:48  Evolution Chamber  
  19  1:57  Overlord  
  19  2:03  Drone  
  19  2:05  Queen  
  22  2:09  Queen  
  22  2:10  Drone  
  22  2:14  Drone  
  26  2:19  Zerg Missile Weapons Level 1  
  26  2:21  Drone  
  27  2:26  Drone  
  28  2:36  Drone x2  
  30  2:44  Queen  
  30  2:46  Drone  
  33  2:51  Zergling x2  
  33  2:52  Overlord  
  33  2:57  Zergling x2  
  35  3:03  Drone  
  36  3:11  Overlord  
  36  3:13  Drone x3  
  39  3:23  Hatchery  
  39  3:25  Drone x2  
  39  3:26  Drone  
  41  3:28  Drone  
  41  3:31  Drone  
  41  3:33  Drone  
  44  3:45  Queen  
  44  3:47  Drone  
  44  3:48  Drone  
  48  3:49  Extractor  
  48  3:52  Extractor  
  46  3:56  Extractor  
  46  3:57  Roach Warren  
  44  4:04  Drone x3  
  44  4:05  Drone x3  
  44  4:07  Overlord  
  50  4:10  Overlord  
  50  4:13  Overlord  
  50  5:06  Drone x5  
  50  5:07  Drone x13  
Tags
 
Add a new tag
Caveats
  • Supply blocks, unpowered buildings, or Contaminate may cause inaccurate times.
  • Supply counts are checked every 10 seconds.